 Dungeon Crawl Stone Soup version 0.31.0-9-g3a7656b989 (webtiles) character file.

Game seed: 14003832382666073490

39 qw the Shooter (level 3, 0/29 HPs)
             Began as a Demigod Hunter on Feb 2, 2024.
             Slain by Natasha (5 damage)
             ... on level 2 of the Dungeon.
             The game lasted 00:00:02 (1031 turns).

qw the Shooter (Demigod Hunter)                     Turns: 1031, Time: 00:00:03

Health: 0/29       AC:  3    Str: 12    XL:     3   Next: 13%
Magic:  5/5        EV: 12    Int: 11    God:
Gold:   28         SH:  0    Dex: 21    Spells: 2/2 levels left

rFire   . . .        a - +0 shortbow
rCold   . . .        (shield currently unavailable)
rNeg    . . .        c - +0 leather armour
rPois   .            (no helmet)
rElec   .            (no cloak)
rCorr   .            (no gloves)
SInv    .            (no boots)
Will    .....        (no amulet)
Stlth   ++           (no ring)
HPRegen 0.24/turn    (no ring)
MPRegen 0.09/turn

%: no passive effects
@: slowed, very slow
A: high MP 1, forlorn, divine attributes
a: no special abilities


You were on level 2 of the Dungeon.
You visited 1 branch of the dungeon, and saw 2 of its levels.

You collected 28 gold pieces.


Innate Abilities, Weirdness & Mutations

You have an increased reservoir of magic. (+10% MP)
You shall have no god before yourself.
Your divine heritage dramatically boosts your attributes as you level up.


   Skills:
 - Level 2.0 Fighting
 - Level 4.5 Ranged Weapons
 + Level 1.9 Dodging
 - Level 0.8 Stealth


You had 2 spell levels left.
You didn't know any spells.
Your spell library was empty.

Inventory:

Hand Weapons
 a - a +0 shortbow (weapon)
Armour
 c - a +0 leather armour (worn)
Scrolls
 b - a scroll of immolation {unknown}
Potions
 d - a potion of might
 e - a potion of mutation {unknown}
 f - a potion of heal wounds {unknown}
 h - a potion of cancellation {unknown}

Dungeon Overview and Level Annotations

Branches:
Dungeon (2/15)

Shops:
D:2 !!

Annotations:
D:2 Natasha


Message History

You shoot an arrow. The arrow hits the cerulean imp.
You kill the cerulean imp!
The cerulean imp disappears in a puff of smoke!
Natasha claws you.
Natasha mumbles some strange words.
You shoot an arrow. The arrow hits Natasha.
Natasha is heavily wounded.
Natasha stares at you and mumbles some strange words.
You feel as though you will be slow longer.
The cerulean imp barely misses you.
You shoot an arrow. The arrow hits Natasha.
Natasha is severely wounded.
Natasha claws you.
The cerulean imp hits you from afar with a +0 spear.
Natasha claws you.
The cerulean imp hits you from afar with a +0 spear.
You shoot an arrow.
The arrow hits Natasha but does no damage.
Natasha is severely wounded.
Natasha closely misses you. The cerulean imp barely misses you.
Natasha claws you but does no damage. The cerulean imp closely misses you.
You shoot an arrow.
The arrow hits Natasha but does no damage.
Natasha is severely wounded.
Natasha casts a spell at you. The magic dart hits you!
The cerulean imp hits you from afar with a +0 spear.
Natasha claws you. The cerulean imp misses you.
You shoot an arrow. The arrow hits Natasha.
Natasha is almost dead.
Natasha misses you. The cerulean imp barely misses you.
Natasha wildly gestures.
Natasha glows brightly for a moment.
Natasha casts a spell at you. The magic dart hits you.
The cerulean imp hits you from afar with a +0 spear.
You shoot an arrow. The arrow barely misses Natasha.
Natasha claws you.
You die...
Natasha curls up and begins to purr.

###########
....#.........#
..............#
..............####
#..##.).......#..%
#...#...........##
##.#.#.............
...###..#.#.........####
.....5)@.........#### #
...###h###.###......# #.
#..##..###.# #. ##.##..#
.# #. #.##..# #. #.##.##
. #. #.#..# ######
..####.<..## #.....
#...........# #.....


You could see Natasha and a cerulean imp (summoned).

Vanquished Creatures
  An iguana (D:2)
  A dart slug (D:1)
  2 endoplasms
  A giant cockroach (D:1)
  A hobgoblin (D:1)
  2 quokkas (D:2)
  2 ball pythons
  3 rats
13 creatures vanquished.

Notes
Turn   | Place    | Note
-------+----------+-------------------------------------------
     0 | D:1      | qw the Demigod Hunter began the quest for the Orb.
     0 | D:1      | Reached XP level 1. HP: 17/17 MP: 3/3
     0 | D:1      | 0 ||| qw: Version: 0.3-a-155-g5e7d8dd
     0 | D:1      | 0 ||| qw: Game counter: 65
     0 | D:1      | 0 ||| qw: Melee chars always use a shield: true
     0 | D:1      | 0 ||| qw: God list: Okawaru
     0 | D:1      | 0 ||| qw: Allow faded altars: false
     0 | D:1      | 0 ||| qw: Do Orc after clearing Dungeon:15 true
     0 | D:1      | 0 ||| qw: Do second Lair branch before Depths: true
     0 | D:1      | 0 ||| qw: Lair rune preference: random
     0 | D:1      | 0 ||| qw: Goals: Normal
     0 | D:1      | 0 ||| PLANNING D:1-11
   463 | D:1      | Reached skill level 4 in Ranged Weapons
   851 | D:1      | 851 ||| READING scroll labelled DEIMUCE WABRAC.
   851 | D:1      | 851 ||| IDENTIFYING murky cyan potion
   852 | D:1      | 852 ||| READING scroll labelled PYUHUP HIJOVVU.
   856 | D:1      | 856 ||| READING scroll labelled VARCHO DOCI.
   857 | D:1      | 857 ||| DROPPING scroll of butterflies.
   892 | D:2      | Found Veeduem's Distillery.
   900 | D:2      | 900 ||| SHOPLISTING 2 potions of heal wounds (100 gold,
                  | have 9).
   900 | D:2      | 900 ||| SHOPLISTING potion of curing (30 gold, have 9).
   900 | D:2      | 900 ||| SHOPLISTING potion of experience (500 gold, have
                  | 9).
   902 | D:2      | Found Uthawn's Distillery.
   906 | D:2      | 906 ||| SHOPLISTING 2 potions of heal wounds (120 gold,
                  | have 9).
   906 | D:2      | 906 ||| SHOPLISTING 2 potions of mutation (192 gold, have
                  | 9).
   906 | D:2      | 906 ||| SHOPLISTING potion of curing (36 gold, have 9).
   906 | D:2      | 906 ||| SHOPLISTING potion of haste (120 gold, have 9).
   906 | D:2      | 906 ||| SHOPLISTING potion of mutation (96 gold, have 9).
   911 | D:2      | Reached XP level 2. HP: 24/24 MP: 4/4
   916 | D:2      | Reached XP level 3. HP: 29/29 MP: 5/5
  1017 | D:2      | Noticed Natasha
  1030 | D:2      | HP: 7/29 [Natasha/magic dart (2)]
  1031 | D:2      | Slain by Natasha

Levels and vault maps discovered:
D:1:      shiori_shiawase, layout_basic, minmay_liquid_box,
          nicolae_figureground_sparkle
D:2:      layout_rooms, serial_shops, shop, shop, shop,
          ebering_ecumenical_altar_sacrificial, nicolae_houndstooth_variations,
          uniq_natasha

Skill      XL: |  1 |
---------------+----+-----
Ranged Weapons | 4 |  4.5
Fighting       | 2 |  2.0
Dodging        | |  1.9
Stealth        | |  0.8

Action                     || total
---------------------------++-------
   Fire: Shortbow          ||    47
    Use: Scroll            ||     3
 Armour: Leather armour    ||    25
  Dodge: Dodged            ||    19

Table legend:
 A = Non-vault XP
 B = Vault XP
 C = Vault XP percentage of total XP
 D = Non-vault monster count
 E = Vault monster count
 F = Vault count percentage of total count
                 A         B        C        D         E       F
            +---------+---------+-------+---------+---------+-------
      Total |      57 |       0 |   0.0 |      13 |       0 |   0.0
            +---------+---------+-------+---------+---------+-------
        D:1 |      13 |       0 |   0.0 |       7 |       0 |   0.0
        D:2 |      44 |       0 |   0.0 |       6 |       0 |   0.0
            +---------+---------+-------+---------+---------+-------
